 Dungeon Crawl Stone Soup version 0.23-a0-655-g3751e1c (console) character file.

907 Duffy the Conjurer (level 7, 22/46 HPs)
             Began as a Demonspawn Fire Elementalist on Jan 7, 2019.
             Quit the game on level 5 of the Dungeon.
             The game lasted 00:03:22 (3338 turns).

Duffy the Conjurer (Demonspawn Fire Elementalist)   Turns: 3338, Time: 00:03:23

Health: 22/46      AC:  6    Str:  7 (8)  XL:     7   Next: 81%
Magic:  8/14       EV: 17    Int: 18      God:
Gold:   66         SH:  0    Dex: 19      Spells: 7/15 levels left

rFire    . . .     SeeInvis .   p - +1 spear (flame)
rCold    + . .     Gourm    .   (no shield)
rNeg     . . .     Faith    .   a - +0 robe
rPois    .         Spirit   .   (no helmet)
rElec    .         Reflect  .   (no cloak)
rCorr    +         Harm     .   (no gloves)
MR       .....                  (no boots)
Stlth    +++.......             (no amulet)
HPRegen  0.15/turn              n - ring of resist corrosion
MPRegen  0.14/turn              (no ring)

@: agile, hasted (expiring), very quick
A: talons 1, iridescent scales 2, blink, cold resistance 1, MP-powered wands
a: Blink


You were on level 5 of the Dungeon.
You were not hungry.

You visited 1 branch of the dungeon, and saw 5 of its levels.

You collected 66 gold pieces.

Inventory:

Hand Weapons
 d - a +0 dagger
 p - a +1 spear of flaming (weapon)
Armour
 a - a +0 robe (worn)
Jewellery
 n - a ring of resist corrosion (left hand)
Wands
 b - a wand of clouds (5)
 r - a wand of polymorph (5)
Scrolls
 f - a scroll of identify {unknown}
 l - a scroll of teleportation {unknown}
 o - 2 scrolls of remove curse {unknown}
Potions
 i - a potion of ambrosia
Comestibles
 c - 7 rations


   Skills:
 - Level 1.7 Dodging
 - Level 1.7 Stealth
 + Level 4.8 Spellcasting
 + Level 5.5 Conjurations
 + Level 5.2 Fire Magic


You had 7 spell levels left.
You knew the following spells:

 Your Spells              Type           Power        Failure   Level  Hunger
h - Flame Tongue          Conj/Fire      ###..        1%          1    None
j - Sticky Flame          Conj/Fire      ###.....     14%         4    ####...
l - Conjure Flame         Conj/Fire      ###.....     4%          3    ###....

Your spell library contained the following spells:

 Spells                   Type           Power        Failure   Level  Hunger
 Throw Flame              Conj/Fire      ###...       2%          2    #......
 Inner Flame              Hex/Fire       ##......     14%         3    ###....
 Fireball                 Conj/Fire      ###.......   38%         5    ######.


Dungeon Overview and Level Annotations

Branches:
Dungeon (5/15)
 Temple: D:4-7

Altars:

Annotations:
D:4 Edmund


Innate Abilities, Weirdness & Mutations

You are mostly covered in iridescent scales. (AC +4)
Your flesh is cold resistant. (rC+)
You have sharp toenails.
You can translocate small distances at will.
You expend magic power (3 MP) to strengthen your wands.


Message History

You kill the slave!
That felt strangely unrewarding.
The adder zombie is engulfed in freezing vapours.
You miss Pikel. You claw Pikel, but do no damage.
Pikel is severely wounded.
Pikel is engulfed in freezing vapours.
You kill Pikel!
You feel your strength returning.
You feel your intelligence returning.
You feel your dexterity returning.
Your Spellcasting skill increases to level 4!
Your Conjurations skill increases to level 5!
Your Fire Magic skill increases to level 5!
You have reached level 7!
Your demonic ancestry asserts itself...
You feel resistant to cold.
The jelly is engulfed in freezing vapours.
You kill the jelly!
The adder zombie is engulfed in freezing vapours.
Autopickup is now off.
Are you sure you want to abandon this character and quit the game? (Confirm

....... ...>. ....... .... ...####
..h. # #00# # #00# # 00# ... # #..
#Z# #.... # ## #.. #@###>.... . ##
.###.# ##......... ..##. ....##
#....###.## #....
....######.....##.# #.. #.
#.....##..........# ##.. ## ##
##.................# ###... #
.#####.....####..........##.....###
.......##..# ##......##.. .....##
......###..# ##....## #. ...##


You could see an adder zombie and a jackal.

Vanquished Creatures
  Pikel (D:5)
  4 slaves (D:5)
  A sky beast (D:5)
  2 centaurs (D:5)
  A scorpion (D:5)
  A jelly (D:5)
  An iguana (D:4)
  An orc wizard (D:4)
  2 adders
  A worm (D:2)
  2 dart slugs (D:1)
  4 leopard geckos
  4 orcs (D:4)
  4 giant cockroaches
  3 hobgoblins
  5 jackals
  A ball python (D:2)
  A frilled lizard (D:2)
  6 goblins
  A jackal skeleton (D:5)
  8 kobolds
  5 rats
59 creatures vanquished.

Notes
Turn   | Place    | Note
-------+----------+-------------------------------------------
     0 | D:1      | Duffy the Demonspawn Fire Elementalist began the quest for
                  | the Orb.
     0 | D:1      | Reached XP level 1. HP: 13/13 MP: 3/3
   535 | D:1      | Gained mutation: You are partially covered in iridescent
                  | scales. (AC +2) [demonic ancestry]
   535 | D:1      | Reached XP level 2. HP: 19/19 MP: 3/5
  1738 | D:2      | Reached XP level 3. HP: 24/24 MP: 2/6
  1743 | D:2      | Learned a level 3 spell: Conjure Flame
  2517 | D:3      | Gained mutation: You are mostly covered in iridescent
                  | scales. (AC +4) [demonic ancestry]
  2517 | D:3      | Reached XP level 4. HP: 30/30 MP: 5/7
  2725 | D:4      | Learned a level 4 spell: Sticky Flame
  2806 | D:4      | Noticed Edmund
  2814 | D:5      | Entered Level 5 of the Dungeon
  2820 | D:5      | Noticed a centaur
  2829 | D:5      | Killed a centaur
  2829 | D:5      | Reached XP level 5. HP: 25/35 MP: 0/9
  3006 | D:5      | Noticed a centaur
  3007 | D:5      | Noticed a sky beast
  3014 | D:5      | Killed a centaur
  3014 | D:5      | Reached XP level 6. HP: 21/41 MP: 1/11
  3016 | D:5      | Killed a sky beast
  3296 | D:5      | Noticed a slave
  3296 | D:5      | Noticed a slave
  3296 | D:5      | Noticed a slave
  3296 | D:5      | Noticed Pikel
  3299 | D:5      | Noticed a slave
  3303 | D:5      | Gained mutation: You can translocate small distances at
                  | will. [potion of mutation]
  3303 | D:5      | Gained mutation: You have sharp toenails. [potion of
                  | mutation]
  3303 | D:5      | Gained mutation: You expend magic power (3 MP) to
                  | strengthen your wands. [potion of mutation]
  3332 | D:5      | Killed a slave
  3334 | D:5      | Killed a slave
  3335 | D:5      | Killed a slave
  3336 | D:5      | Killed a slave
  3337 | D:5      | Killed Pikel
  3337 | D:5      | Reached skill level 5 in Conjurations
  3337 | D:5      | Reached skill level 5 in Fire Magic
  3337 | D:5      | Gained mutation: Your flesh is cold resistant. (rC+)
                  | [demonic ancestry]
  3337 | D:5      | Reached XP level 7. HP: 22/46 MP: 8/14
  3338 | D:5      | Quit the game

Vault maps used:
D:1:      nicolae_arrival_somewhat_less_tricky_arrival, minmay_misc_feat_tiny
D:2:      first_ration, hex_tiny
D:4:      minmay_temple_entry_stoned_glass, uniq_edmund, uniq_blork_the_orc
D:5:      uniq_pikel, uniq_sigmund

Skill      XL: |  1  2  3  4  5  6 |
---------------+-------------------+-----
Conjurations   | 2 3 4 5 |  5.5
Fire Magic     | 3 5 |  5.2
Spellcasting   | 3 4 |  4.8
Dodging        | |  1.7
Stealth        | |  1.7

Action                   |  1- 3 |  4- 6 |  7- 9 || total
-------------------------+-------+-------+-------++-------
Melee: Spear             |     4 |    38 |       ||    42
       Dagger            |     1 |       |       ||     1
       Unarmed           |       |    20 |       ||    20
       Kick              |       |     4 |       ||     4
 Cast: Flame Tongue      |    65 |    21 |       ||    86
       Sticky Flame      |       |     2 |       ||     2
Evoke: Wand              |       |     5 |       ||     5
  Use: Potion            |       |     9 |       ||     9
 Stab: Sleeping          |       |     1 |       ||     1
  Eat: Chunk             |     6 |     1 |       ||     7
       Ration            |       |     1 |       ||     1
Armor: Robe              |     7 |    17 |       ||    24
       Skin              |       |    31 |       ||    31
Dodge: Dodged            |    17 |    46 |       ||    63

Table legend:
 A = Non-vault XP
 B = Vault XP
 C = Vault XP percentage of total XP
 D = Non-vault monster count
 E = Vault monster count
 F = Vault count percentage of total count
                 A         B        C        D         E       F
            +---------+---------+-------+---------+---------+-------
      Total |     645 |     651 |  50.2 |      54 |       1 |   1.8
            +---------+---------+-------+---------+---------+-------
        D:1 |      27 |       0 |   0.0 |      13 |       0 |   0.0
        D:2 |      48 |       0 |   0.0 |      21 |       0 |   0.0
        D:3 |      22 |       0 |   0.0 |       5 |       0 |   0.0
        D:4 |      86 |       0 |   0.0 |       7 |       0 |   0.0
        D:5 |     462 |     651 |  58.5 |       8 |       1 |  11.1
            +---------+---------+-------+---------+---------+-------
